 Dungeon Crawl Stone Soup version 0.29-b1-12-g9e2288ab2a (webtiles) character file.

Game seed: 8891677577997040487

9795 nonceun the Severer (level 11, -24/92 HPs)
             Began as a Minotaur Berserker on Aug 24, 2022.
             Was an Elder of Trog.
             Annihilated by a titanic slime creature (99 damage)
             ... on level 11 of the Dungeon.
             The game lasted 00:39:22 (9125 turns).

nonceun the Severer (Minotaur Berserker)            Turns: 9125, Time: 00:39:22

Health: -24/92     AC: 20    Str: 33    XL:     11   Next: 27%
Magic:  10/10      EV:  8    Int:  4    God:    Trog [****..]
Gold:   551        SH:  9    Dex:  9    Spells: 10/10 levels left

rFire   . . .      SeeInvis .   a - +0 hand axe
rCold   . . .      Faith    .   F - +0 kite shield
rNeg    . . .      Spirit   .   f - +0 plate armour
rPois   .          Reflect  .   (helmet restricted)
rElec   .          Harm     .   j - +0 cloak
rCorr   .          Rampage  .   w - +0 pair of gloves
Will    .....                   (no boots)
Stlth   ..........              O - amulet of regeneration
HPRegen 1.05/turn               g - +4 ring of protection
MPRegen 0.12/turn               y - +6 ring of strength

@: no status effects
A: horns 2, retaliatory headbutt
a: Renounce Religion, Berserk, Trog's Hand, Brothers in Arms


You were on level 11 of the Dungeon.
You worshipped Trog.
Trog was greatly pleased with you.
You visited 1 branch of the dungeon, and saw 12 of its levels.

You collected 621 gold pieces.
You spent 70 gold pieces at shops.

Inventory:

Hand Weapons
 a - a +0 hand axe (weapon)
 b - the +8 trident of the Octopus King {venom, rElec rPois}
   (You found it on level 6 of the Dungeon)

   It poisons the flesh of those it strikes.
   rElec:     It insulates you from electricity.
   rPois:     It protects you from poison.
Missiles
 c - 111 stones (quivered)
 D - 11 throwing nets
Armour
 f - a +0 plate armour (worn)
 j - a +0 cloak (worn)
 w - a +0 pair of gloves (worn)
 F - a +0 kite shield (worn)
Jewellery
 g - a +4 ring of protection (left hand)
 y - a +6 ring of strength (right hand)
 A - a +6 ring of dexterity
 M - a +6 ring of dexterity
 O - an amulet of regeneration (around neck)
Wands
 l - a wand of polymorph (10)
 C - a wand of mindburst (19)
 G - a wand of light (8)
 H - a wand of paralysis (13)
 L - a wand of flame (26)
Scrolls
 d - 4 scrolls of teleportation
 h - a scroll of blinking {unknown}
 i - 2 scrolls of immolation {unknown}
 m - a scroll of poison {unknown}
 n - 4 scrolls of noise {unknown}
 o - a scroll of torment {unknown}
 q - 9 scrolls of identify {unknown}
 s - a scroll of butterflies {unknown}
 t - a scroll of brand weapon {unknown}
 x - a scroll of magic mapping {unknown}
 B - a scroll of vulnerability {unknown}
 E - a scroll of amnesia {unknown}
 I - a scroll of silence {unknown}
 N - 2 scrolls of enchant weapon {unknown}
 Q - a scroll of fear {unknown}
Potions
 e - 5 potions of curing
 k - a potion of berserk rage {unknown}
 p - 3 potions of ambrosia {unknown}
 r - 3 potions of heal wounds {unknown}
 u - 3 potions of flight
 v - 2 potions of attraction {unknown}
 z - 2 potions of brilliance {unknown}
 J - 2 potions of mutation {unknown}
 K - a potion of invisibility {unknown}
 P - a potion of resistance {unknown}
 R - a potion of lignification {unknown}


   Skills:
 + Level 7.0 Fighting
 * Level 15.0 Axes
 + Level 7.8 Armour
 * Level 6.2 Dodging
 + Level 7.4 Shields
 - Level 5.0 Evocations


You had 10 spell levels left.
You didn't know any spells.
Your spell library contained the following spells:

 Spells                   Type           Power      Damage    Failure   Level
 Magic Dart               Conj           0%         1d3       100%        1
 Call Imp                 Summ           0%         N/A       100%        2
 Poisonous Vapours        Pois/Air       0%         N/A       100%        2
 Conjure Flame            Conj/Fire      0%         6-21      100%        3
 Dazzling Flash           Conj/Hex       0%         N/A       100%        3
 Ignite Poison            Fire/Tmut/Pois 0%         N/A       100%        3
 Mephitic Cloud           Conj/Pois/Air  0%         N/A       100%        3
 Corpse Rot               Necr/Pois/Air  0%         N/A       100%        4
 Iskenderun's Mystic Bla  Conj/Tloc      0%         2d3       100%        4
 Sticky Flame             Conj/Fire      0%         2d3       100%        4
 Starburst                Conj/Fire      0%         6d3       100%        6


Dungeon Overview and Level Annotations

Branches:
Dungeon (12/15)            Temple (0/1) D:6             Orc (0/2) D:10
   Lair: D:8-11

Altars:
Ashenzari
Cheibriados
Elyvilon
Hepliaklqana
Kikubaaqudgha
Trog
Uskayaw
Zin

Shops:
D:3 !

Annotations:
D:3 3 runed translucent doors, Rudyous's ghost, amateur DgIE
D:7 !skeletal warrior
D:8 !skeletal warriors
D:10 !gargoyle


Innate Abilities, Weirdness & Mutations

You have a pair of horns on your head.
You reflexively headbutt those who attack you in melee.


Message History

The slime creature quivers. x5
The howler monkey howls!
There is a stone staircase leading up here.
You puncture the howler monkey!
The howler monkey is poisoned.
You headbutt the howler monkey!
You kill the howler monkey!
Trog accepts your kill.
The +8 trident of the Octopus King {venom, rElec rPois} stops dripping with poison.
a - a +0 hand axe (weapon)
You barely miss the slime creature.
Two slime creatures merge to form a large slime creature.
The slime creature hits you but does no damage.
You slash the slime creature! You headbutt the slime creature!
The slime creature is heavily wounded.
You hit the slime creature. You headbutt the slime creature.
The slime creature is heavily wounded.
You block the slime creature's attack.
You hit the slime creature.
The slime creature is heavily wounded.
Two slime creatures merge to form a large slime creature.
You hit the large slime creature but do no damage.
The large slime creature is moderately wounded.
You slash the slime creature! The slime creature hits you.
The large slime creature hits you!
Two slime creatures merge to form an enormous slime creature.
Two slime creatures merge to form a titanic slime creature.
The slime creature barely misses you.
You climb upwards.
There is a stone staircase leading down here.
You hit the slime creature. You headbutt the slime creature!
The slime creature is moderately wounded.
You slash the titanic slime creature! The slime creature hits you!
You hit the slime creature.
The slime creature is moderately wounded.
You hit the titanic slime creature. You slash the slime creature!
You headbutt the slime creature.
The slime creature is severely wounded.
You hit the titanic slime creature. The titanic slime creature hits you!!!!
Ouch! That really hurt!
You die...

###### ##....# #..##.#
##.##..# #...#.##
..#.#.# #######
..#.#.####.....#
..#.#.##.....#.###
#.#.#.#..#.#...J@#
#.#.#.##......##J#
#.#†#.##.#.#.###.#
#.#.#.##.....# #.####
....#.##...#####....###
...#######.....#.##...#
...#.#####.#..........#
...#.......#.#.#.#.#..#
...#########..........#


You could see a titanic slime creature and a slime creature.

Vanquished Creatures
  A boulder beetle (D:9)
  A two-headed ogre (D:11)
  A manticore (D:11)
  An ugly thing (D:11)
  A shadow (D:11)
  A vampire (D:11)
  A wraith (D:11)
  2 wyverns
  4 yaks (D:9)
  Eustachio (D:4)
  2 steam dragons
  2 water moccasins
  An acid dragon (D:9)
  Duvessa (D:7)
  A black bear (D:5)
  An orc warrior (D:8)
  A sky beast (D:7)
  A wolf (D:5)
  An ogre (D:5)
  8 centaurs
  3 phantoms
  Blork the orc (D:5)
  A kobold brigand (D:7)
  2 bullfrogs
  4 gnoll sergeants (D:5)
  A necrophage (D:6)
  Dowan (D:7)
  3 wights (D:7)
  17 killer bees
  2 electric eels (D:9)
  7 howler monkeys
  3 jellies
  3 quasits
  3 orc priests
  4 gnoll boudas
  10 hounds
  An iron imp (D:5)
  Terence (D:3)
  5 iguanas
  Natasha (thrice) (D:4)
  9 orc wizards
  34 gnolls
  8 adders
  4 shadow imps
  7 white imps (D:6)
  5 ufetubi
  4 worms
  4 dart slugs
  17 orcs
  5 endoplasms
  A giant cockroach (D:1)
  9 goblins
  2 hobgoblins (D:2)
  5 jackals
  7 kobolds
  3 quokkas
  4 ball pythons (D:1)
  6 bats
  3 frilled lizards
  2 rats (D:1)
247 creatures vanquished.

Vanquished Creatures (collateral kills)
  A hydra (D:11)
  A troll (D:11)
  An orc (D:7)
3 creatures vanquished.

Vanquished Creatures (others)
  An orc (D:6)
  4 demonic plants (D:6)
  22 plants (D:9)
27 creatures vanquished.

Grand Total: 277 creatures vanquished

Notes
Turn   | Place    | Note
-------+----------+-------------------------------------------
     0 | D:1      | nonceun the Minotaur Berserker began the quest for the Orb.
     0 | D:1      | Reached XP level 1. HP: 19/19 MP: 0/0
   161 | D:1      | Reached skill level 4 in Axes
   382 | D:1      | Reached XP level 2. HP: 26/26 MP: 1/1
   829 | D:2      | Reached skill level 5 in Axes
   829 | D:2      | Reached XP level 3. HP: 31/31 MP: 2/2
   990 | D:2      | Reached ** piety under Trog
  1307 | D:3      | Reached skill level 6 in Axes
  1307 | D:3      | Reached XP level 4. HP: 33/39 MP: 3/3
  1402 | D:3      | Found a runed translucent gate.
  1402 | D:3      | Found a runed translucent gate.
  1402 | D:3      | Found a runed translucent gate.
  1456 | D:3      | Noticed Rudyous's ghost (amateur DgIE)
  1520 | D:3      | Noticed Terence
  1536 | D:3      | Killed Terence
  1593 | D:3      | Found Rorchidio's Distillery.
  1620 | D:3      | Bought a potion of curing for 30 gold pieces
  1620 | D:3      | Bought a potion of degeneration for 10 gold pieces
  1620 | D:3      | Bought a potion of flight for 30 gold pieces
  1989 | D:3      | Found a hide-covered altar of Uskayaw.
  2069 | D:4      | Noticed Natasha
  2079 | D:4      | Killed Natasha
  2080 | D:4      | Reached skill level 7 in Axes
  2080 | D:4      | Reached XP level 5. HP: 45/45 MP: 4/4
  2103 | D:4      | Noticed Eustachio
  2125 | D:4      | Killed Eustachio
  2126 | D:4      | Reached skill level 8 in Axes
  2126 | D:4      | Reached XP level 6. HP: 42/51 MP: 5/5
  2212 | D:4      | Found a glowing silver altar of Zin.
  2627 | D:4      | Noticed Natasha
  2631 | D:4      | Killed Natasha
  2632 | D:4      | Reached skill level 9 in Axes
  2808 | D:4      | Noticed Natasha
  2818 | D:4      | Killed Natasha
  2853 | D:5      | Entered Level 5 of the Dungeon
  2885 | D:5      | Reached skill level 10 in Axes
  2885 | D:5      | Reached XP level 7. HP: 35/57 MP: 6/6
  3058 | D:5      | Reached skill level 1 in Evocations
  3279 | D:5      | Reached skill level 11 in Axes
  3328 | D:5      | Reached XP level 8. HP: 47/64 MP: 7/7
  3692 | D:5      | Reached skill level 12 in Axes
  4252 | D:5      | Found a snail-covered altar of Cheibriados.
  4294 | D:5      | Reached skill level 13 in Axes
  4513 | D:5      | Reached XP level 9. HP: 59/70 MP: 8/8
  4517 | D:5      | Reached *** piety under Trog
  4518 | D:5      | Reached skill level 1 in Shields
  4856 | D:6      | Noticed Blork the orc
  4877 | D:5      | Killed Blork the orc
  5316 | D:5      | Reached skill level 14 in Axes
  5510 | D:6      | Found a staircase to the Ecumenical Temple.
  5701 | D:6      | Found a bloodstained altar of Trog.
  5706 | D:6      | Found a broken altar of Ashenzari.
  5712 | D:6      | Found a white marble altar of Elyvilon.
  5793 | D:6      | Found a hazy altar of Hepliaklqana.
  5841 | D:6      | Found the +8 trident of the Octopus King {venom, rElec
                  | rPois}
  5904 | D:6      | Found an ancient bone altar of Kikubaaqudgha.
  6066 | D:7      | Noticed Dowan
  6085 | D:7      | Killed Dowan
  6085 | D:7      | Reached **** piety under Trog
  6094 | D:7      | Noticed Duvessa
  6106 | D:7      | Killed Duvessa
  6587 | D:7      | Reached XP level 10. HP: 75/80 MP: 9/9
  6947 | D:8      | Noticed a skeletal warrior
  6981 | D:8      | HP: 1/80 [skeletal warrior/+0 dire flail (23)]
  6990 | D:7      | HP: 4/80 [orc/+0 falchion (3)]
  7088 | D:8      | Reached skill level 5 in Armour
  7131 | D:9      | Reached skill level 5 in Fighting
  7137 | D:9      | Reached skill level 5 in Shields
  7252 | D:9      | Noticed a boulder beetle
  7260 | D:9      | Killed a boulder beetle
  7261 | D:9      | Reached skill level 5 in Evocations
  7557 | D:9      | Reached skill level 5 in Dodging
  7798 | D:10     | Entered Level 10 of the Dungeon
  7828 | D:10     | Identified the +8 chain mail "Mist" {-Cast Fly Will-
                  | Stlth+}
  7858 | D:10     | Noticed a gargoyle
  7920 | D:10     | Found a staircase to the Orcish Mines.
  7943 | D:11     | Noticed a white ugly thing
  7952 | D:11     | Killed a white ugly thing
  8179 | D:11     | Reached ***** piety under Trog
  8246 | D:11     | Noticed an eight-headed hydra
  8259 | D:11     | Killed an eight-headed hydra
  8260 | D:11     | Reached XP level 11. HP: 30/91 MP: 10/10
  8763 | D:11     | Noticed a two-headed ogre
  8999 | D:11     | Killed a two-headed ogre
  9000 | D:11     | Reached skill level 15 in Axes
  9125 | D:11     | Annihilated by a titanic slime creature

Illustrated notes

Levels and vault maps discovered:
D:1:      dpeg_arrival_arbitrary_b, layout_rooms
D:2:      layout_basic, minmay_pentomino_q2
D:3:      layout_basic, general_overflow_altar, serial_shops, shop,
          gammafunk_ghost_icy, uniq_terence
D:4:      layout_loops_ring, lemuel_round_altar, abandoned_shop, hex_large,
          uniq_eustachio, uniq_natasha
D:5:      wander_river, layout_cave_pools, slow_altar_2, serial_gnoll_camp,
          gnoll_camp_huts_moat, gnoll_camp_mini_hut, gnoll_camp_medium_02,
          gnoll_camp_mini_sergeant, gnoll_camp_mini_house,
          minmay_misc_feat_more_columns, serial_bayou_crossing
D:6:      layout_cave_pools, kiku_gazebo_pond_becter,
          nicolae_hepliaklqana_hippocampus, minmay_overflow_temple_star_quad,
          minmay_temple_entry_junction, serial_demonic, serial_demonic_d,
          serial_demonic_d, serial_demonic_d, serial_demonic_b,
          serial_demonic_e, serial_demonic_a, serial_demonic_g,
          serial_demonic_e, serial_demonic_b, serial_demonic_b,
          minmay_misc_feat_hallway, uniq_blork_the_orc
D:7:      layout_loops_ring, uniq_duvessa
D:8:      layout_rooms
D:9:      layout_cave_pools, serial_bayou_lake_a
D:10:     minmay_the_grid_four_pointed_star
          [minmay_the_grid_triangle_9x9_shrine,
          minmay_the_grid_triangle_9x9_odd_lines,
          minmay_the_grid_triangle_9x9_limited_checkers,
          minmay_the_grid_triangle_9x9_sparse_checkered,
          minmay_the_grid_prize_shrinking_boxes], layout_long_grid,
          lair_entry_dummy, serial_shops, shop_fountains
D:11:     layout_basic, serial_co_window_serial, co_window_of_opportunity_a,
          co_window_corner_a, co_window_of_opportunity_a,
          co_window_of_opportunity_a, co_window_paths_b, co_window_corner_b,
          co_window_paths_c, co_window_corner_b, co_window_unsneaky_path_b,
          glass_columns_a, glass_columns_c, glass_columns_a, glass_columns_a,
          glass_columns_a
D:12:     layout_roguey, minmay_rotating_lava, uniq_azrael

Skill      XL: |  1  2  3  4  5  6  7  8  9 10 11 |
---------------+----------------------------------+-----
Axes           | 4 5 6 7 8 10 11 13 14 15 | 15.0
Evocations     | 2 3 4 5 |  5.0
Shields        | 4 6 7 |  7.4
Armour         | 4 7 |  7.8
Fighting       | 4 6 7 |  7.0
Dodging        | 3 5 6 |  6.2

Action                   |  1- 3 |  4- 6 |  7- 9 | 10-12 || total
-------------------------+-------+-------+-------+-------++-------
Melee: Hand axe          |    95 |   102 |   445 |    54 ||   696
       Headbutt          |    11 |    24 |    99 |    31 ||   165
       Punch             |       |     1 |     3 |       ||     4
       Trident           |       |       |    41 |   148 ||   189
Invok: Trog's Hand       |       |     3 |     6 |     4 ||    13
       Berserk           |       |       |     2 |     1 ||     3
       Brothers in Arms  |       |       |       |     2 ||     2
  Use: Scroll            |       |       |       |     1 ||     1
 Stab: Sleeping          |     1 |       |       |       ||     1
Armor: Animal skin       |     4 |       |       |       ||     4
       Ring mail         |     2 |       |       |       ||     2
       Plate armour      |    44 |    58 |   341 |   154 ||   597
Dodge: Dodged            |    33 |    33 |   173 |    99 ||   338
Block: Kite shield       |       |       |   105 |   128 ||   233
